 Dungeon Crawl Stone Soup version 0.27.1-35-g4d5d836560 (console) character file.

Game seed: 12252299495756653867

38 grimtooth the Chopper (level 3, 0/31 HPs)
             Began as a Hill Orc Gladiator on Apr 6, 2022.
             Succumbed to an adder's poison
             ... on level 2 of the Dungeon.
             The game lasted 00:03:06 (1536 turns).

grimtooth the Chopper (Hill Orc Gladiator)          Turns: 1536, Time: 00:03:06

Health: 0/31       AC:  4    Str: 16    XL:     3   Next: 43%
Magic:  3/3        EV: 12    Int:  9    God:
Gold:   30         SH:  0    Dex: 12    Spells: 2/2 levels left

rFire    . . .     SeeInvis .   a - +0 war axe
rCold    . . .     Faith    .   (no shield)
rNeg     . . .     Spirit   .   b - +0 leather armour
rPois    .         Reflect  .   c - +0 helmet
rElec    .         Harm     .   (no cloak)
rCorr    .         Rampage  .   (no gloves)
Will     .....                  (no boots)
Stlth    +.........             (no amulet)
HPRegen  0.10/turn              (no ring)
MPRegen  0.08/turn              (no ring)

@: brilliant, lethally poisoned (0 -> -1), flying
A: no striking features
a: no special abilities


You were on level 2 of the Dungeon.
You visited 1 branch of the dungeon, and saw 2 of its levels.

You collected 30 gold pieces.

Inventory:

Hand Weapons
 a - a +0 war axe (weapon)
Missiles
 d - 3 throwing nets {=f}
 i - 17 stones (quivered)
Armour
 b - a +0 leather armour (worn)
 c - a +0 helmet (worn)
Scrolls
 g - a scroll of enchant armour {unknown}
 h - a scroll of teleportation {unknown}
Potions
 f - a potion of attraction {unknown}


   Skills:
 + Level 3.6 Fighting
 + Level 5.0 Axes
 - Level 1.7 Throwing
 - Level 2.4 Dodging


You had 2 spell levels left.
You didn't know any spells.
Your spell library was empty.

Dungeon Overview and Level Annotations

Branches:
Dungeon (2/15)

Altars:


Message History

You feel sick. The adder misses you.
You hit the adder but do no damage.
The adder is moderately wounded.
You feel sick.
You are no longer poisoned.
The adder barely misses you. The adder misses you.
You closely miss the adder.
The adder is moderately wounded.
The adder closely misses you.
You barely miss the adder.
The adder is moderately wounded.
The adder misses you. x2
You closely miss the adder.
The adder is moderately wounded.
The adder bites you but does no damage. The adder bites you.
* * * LOW HITPOINT WARNING * * *
You are poisoned.
The adder poisons you!
You miss the adder.
The adder is moderately wounded.
You feel sick. The adder closely misses you.
You closely miss the adder.
The adder is moderately wounded.
You feel sick. The adder bites you but does no damage.
The adder closely misses you.
You barely miss the adder.
The adder is moderately wounded.
You feel sick. The adder bites you.
* * * LOW HITPOINT WARNING * * *
The adder barely misses you.
Unknown command.
Enter note: - and agaib It was a potion of flight.
You feel very buoyant.
You fly up into the air.
* * * LOW HITPOINT WARNING * * *
You feel sick. The adder closely misses you.
It was a potion of brilliance.
You feel clever all of a sudden.
You die...

... #.## #...
#..## # #
##...###(##
#.#.(....(...
#.(........#
#S@# #..#
#..#
#..####...
#†........
##..######.
#...#
#.#.#####
#.#†....#
#.#.###.#
#.#.#


You could see an adder.

Vanquished Creatures
  A gnoll (D:1)
  4 bats
  2 endoplasms (D:1)
  2 giant cockroaches
  6 goblins
  A hobgoblin (D:1)
  4 jackals (D:1)
  A quokka (D:1)
  A frilled lizard (D:1)
  2 kobolds (D:1)
  A rat (D:2)
25 creatures vanquished.

Notes
Turn   | Place    | Note
-------+----------+-------------------------------------------
     0 | D:1      | grimtooth the Hill Orc Gladiator began the quest for the
                  | Orb.
     0 | D:1      | Reached XP level 1. HP: 18/18 MP: 1/1
   179 | D:1      | Reached XP level 2. HP: 5/26 MP: 2/2
   455 | D:1      | Found a faded altar of an unknown god.
   603 | D:1      | Reached XP level 3. HP: 23/31 MP: 3/3
  1426 | D:2      | Reached skill level 5 in Axes
  1535 | D:2      | - and agaib
  1535 | D:2      | HP: 1/31 [poisoned by an adder]
  1536 | D:2      | Succumbed to an adder's poison

Illustrated notes

... #.## #...
#..## # #
##...###(##
#.#.(....(...
#.(........#
#S@# #..#
#..#
#..####...
#†........
##..######.
#...#
#.#.#####
#.#†....#
#.#.###.#
#.#.#


Turn 1535 on D:2: - and agaib

Levels and vault maps discovered:
D:1:      evilmike_arrival_plus, layout_basic, hellmonk_ecumenical_altar_run_dry
D:2:      layout_loops_ring

Skill      XL: |  1  2  3 |
---------------+----------+-----
Fighting       | 3 |  3.6
Axes           | 5 |  5.0
Throwing       | |  1.7
Dodging        | |  2.4

Action                   || total
-------------------------++-------
Melee: War axe           ||    91
Throw: Throwing net      ||     1
       Stone             ||    28
  Use: Potion            ||     2
 Stab: Held in net/web   ||     1
Armor: Leather armour    ||    31
Dodge: Dodged            ||    64
